 Dungeon Crawl Stone Soup version 0.20-a0-303-g575bbf7 (webtiles) character file.

54 snakesoul the Sneak (level 3, 0/24 HPs)
             Began as a Vampire Enchanter on Dec 17, 2016.
             Slain by an ooze (2 damage)
             ... on level 2 of the Dungeon.
             The game lasted 00:03:35 (1340 turns).

snakesoul the Sneak (Vampire Enchanter)             Turns: 1340, Time: 00:03:36

Health: 0/24       AC:  3    Str:  7    XL:     3   Next: 66%
Magic:  1/6        EV: 12    Int: 17    God:
Gold:   102        SH:  0    Dex: 15    Spells: 1/7 levels left

rFire  . . .     SeeInvis +     a - +1 dagger
rCold  + . .     Gourm    .     f - +0 leather armour
rNeg   + + .     Faith    .     (no shield)
rPois  +         Spirit   .     (no helmet)
rElec  .         Reflect  .     (no cloak)
rCorr  .         Harm     .     (no gloves)
MR     .....                    (no boots)
Stlth  ++++......               (no amulet)
                                (no ring)
                                (no ring)

@: regenerating slowly
A: fangs 3, see invisible, unbreathing
a: Bat Form


You were on level 2 of the Dungeon.
You were thirsty.

You visited 1 branch of the dungeon, and saw 2 of its levels.

You collected 102 gold pieces.

Inventory:

Hand Weapons
 a - a +1 dagger (weapon)
Armour
 b - a +1 robe
 f - a +0 leather armour (worn)
Scrolls
 i - a scroll of teleportation {unknown}
 m - 2 scrolls of identify {unknown}
 o - a scroll of amnesia {unknown}
 q - a scroll of recharging {unknown}
Potions
 d - 17 potions of blood
 e - a potion of invisibility {unknown}
 g - a potion of brilliance {unknown}
 h - a potion of berserk rage {unknown}
 j - a potion of might {unknown}
 k - 2 potions of lignification {unknown}
 l - a potion of curing {unknown}
 n - a potion of agility {unknown}
 p - a potion of magic {unknown}
Books
 c - a book of Maledictions

   Spells                             Type                      Level
   a - Corona                         Hexes                        1
   b - Ensorcelled Hibernation        Hexes/Ice                    2
   c - Confuse                        Hexes                        3
   d - Tukima's Dance                 Hexes                        3
   e - Dazzling Spray                 Conjuration/Hexes            3


   Skills:
 + Level 2.1 Short Blades
 - Level 2.1 Dodging
 + Level 5.2 Stealth
 + Level 2.5 Spellcasting
 + Level 5.1 Hexes


You had one spell level left.
You knew the following spells:

 Your Spells              Type           Power        Failure   Level  Hunger
a - Corona                Hex            ###....      3%          1    #......
b - Ensorcelled Hibernat  Hex/Ice        ##....       17%         2    ##.....
c - Confuse               Hex            ###.....     12%         3    ###....


Dungeon Overview and Level Annotations

Branches:
Dungeon (2/15)

Altars:


Innate Abilities, Weirdness & Mutations

You heal slowly.
You have razor-sharp teeth.
You have supernaturally acute eyesight. (SInv)
You can survive without breathing.


Message History

The ooze is moderately wounded.
The ooze closely misses you.
You hit the ooze. You bite the ooze, but do no damage.
The ooze is severely wounded.
The ooze hits you.
* * * LOW HITPOINT WARNING * * *
You hit the ooze.
The ooze is severely wounded.
Casting: Ensorcelled Hibernation
Confirm with . or Enter, or press ? or * to list all spells.
You don't have enough magic to cast that spell.
Unknown command.
You hit the ooze.
The ooze is severely wounded.
The ooze hits you.
* * * LOW HITPOINT WARNING * * *
You hit the ooze but do no damage.
The ooze is severely wounded.
The ooze hits you.
You die...

##### ####...# ########
.......# ####......
####.<.# #.......#
#####.#########.......####
..........................
####........)....J).......
# #.########...@).....###
# #.# #.#........... #.#
#.#........### #.#
#.#.##.###... #.# ....##.#
.### #.# ### ........ #
#.# #.....>....## ###.#
#.####### ## ##.#.# #.#


You could see an ooze.

Vanquished Creatures
  An adder (D:2)
  3 dart slugs (D:1)
  A leopard gecko (D:1)
  2 giant cockroaches (D:1)
  7 goblins
  6 hobgoblins
  3 jackals (D:1)
  A kobold (D:1)
  7 bats
  2 frilled lizards (D:1)
  2 rats (D:1)
35 creatures vanquished.

Notes
Turn   | Place    | Note
-------+----------+-------------------------------------------
     0 | D:1      | snakesoul the Vampire Enchanter began the quest for the Orb.
     0 | D:1      | Reached XP level 1. HP: 13/13 MP: 3/3
   293 | D:1      | Reached XP level 2. HP: 17/19 MP: 5/5
   297 | D:1      | Learned a level 2 spell: Ensorcelled Hibernation
   653 | D:1      | Reached skill level 5 in Stealth
   704 | D:1      | Reached XP level 3. HP: 24/24 MP: 6/6
   756 | D:1      | Learned a level 3 spell: Confuse
   877 | D:1      | Reached skill level 5 in Hexes
  1340 | D:2      | Slain by an ooze

Vault maps used:
D:1:      minmay_arrival_widening_spiral_wide, minmay_tripent
D:2:      ashenzari_altar_1, nicolae_overflow_hidden_temple

Skill      XL: |  1  2  3 |
---------------+----------+-----
Stealth        | 5 |  5.2
Hexes          | 5 |  5.1
Short Blades   | 2 |  2.1
Dodging        | |  2.1
Spellcasting   | |  2.5

Action                   || total
-------------------------++-------
Melee: Dagger            ||   133
       Bite              ||    10
 Cast: Ensorcelled Hiber ||     4
       Corona            ||     2
 Stab: Sleeping          ||    14
Armor: Leather armour    ||    37
Dodge: Dodged            ||    98
